 Dungeon Crawl Stone Soup version 0.29.0-3-gbb0933ed62 (webtiles) character file.

Game seed: 11399095722340021900

6193 nikku the Fighter (level 11, -4/92 HPs)
             Began as a Human Berserker on Aug 25, 2022.
             Was a Priest of Trog.
             Slain by a mana viper (shapeshifter) (12 damage)
             ... on level 10 of the Dungeon.
             The game lasted 00:24:06 (8719 turns).

nikku the Fighter (Human Berserker)                 Turns: 8719, Time: 00:24:06

Health: -4/92      AC: 18    Str: 20    XL:     11   Next: 14%
Magic:  11/11      EV:  6    Int:  7    God:    Trog [***...]
Gold:   406        SH: 10    Dex: 13    Spells: 10/10 levels left

rFire   . . .      SeeInvis .   a - +1 broad axe (vorpal)
rCold   . . .      Faith    .   c - +0 kite shield
rNeg    . . .      Spirit   .   q - +1 plate armour
rPois   .          Reflect  .   d - +1 helmet
rElec   .          Harm     .   (no cloak)
rCorr   .          Rampage  .   k - +0 pair of gloves
Will    .....                   (no boots)
Stlth   ..........              (no amulet)
HPRegen 0.25/turn               (no ring)
MPRegen 0.12/turn               (no ring)

@: on berserk cooldown
A: fangs 1, weak 1
a: Renounce Religion, Berserk, Trog's Hand


You were on level 10 of the Dungeon.
You worshipped Trog.
Trog was most pleased with you.
You visited 1 branch of the dungeon, and saw 10 of its levels.
You also visited: Sewer.

You collected 496 gold pieces.
You spent 90 gold pieces at shops.

Inventory:

Hand Weapons
 a - a +1 vorpal broad axe (weapon)
Missiles
 f - 5 poisoned darts (quivered)
 m - 5 curare-tipped darts
Armour
 c - a +0 kite shield (worn)
 d - a +1 helmet (worn)
 k - a +0 pair of gloves (worn)
 q - a +1 plate armour (worn)
 t - a +3 chain mail of poison resistance
Jewellery
 o - a ring of protection from cold
 w - a ring of fire
Wands
 b - a wand of flame (17)
 h - a wand of iceblast (19)
 l - a wand of paralysis (13)
 s - a wand of polymorph (6)
 x - a wand of digging (6)
Scrolls
 e - 3 scrolls of identify
 i - 5 scrolls of teleportation
 u - 2 scrolls of fear
Potions
 g - 4 potions of curing
 j - a potion of mutation
 n - 3 potions of heal wounds
 p - a potion of lignification
 r - a potion of ambrosia
 z - a potion of resistance


   Skills:
 * Level 10.5 Fighting
 + Level 7.8 Axes
 - Level 1.1(5.0) Polearms
 + Level 7.6 Armour
 - Level 3.6 Dodging
 + Level 6.4 Shields


You had 10 spell levels left.
You didn't know any spells.
Your spell library was empty.

Dungeon Overview and Level Annotations

Branches:
Dungeon (10/15)            Temple (0/1) D:5            Lair (0/5) D:8
  Sewer (visited)
    Orc: D:9-12

Altars:
Cheibriados
Elyvilon
Gozag
Makhleb
Nemelex Xobeh
Okawaru
Sif Muna
Yredelemnul

Shops:
D:3 [*


Innate Abilities, Weirdness & Mutations

You have very sharp teeth.
You are weak. (Str -2)


Message History

The poisoned dart closely misses the deep elf pyromancer.
You feel yourself speed up.
The deep elf pyromancer mumbles some strange words.
The deep elf pyromancer gestures wildly while chanting.
You completely miss the fire elemental.
The deep elf pyromancer looks more healthy.
You block the fire elemental's attack.
You closely miss the fire elemental.
You hit the fire elemental but do no damage.
You block the fire elemental's attack. The fire elemental hits you.
The fire elemental burns you! You block the fire elemental's attack.
The fire elemental hits you. The fire elemental burns you!
The fire elemental hits you. The fire elemental burns you!
* * * LOW HITPOINT WARNING * * *
A mana viper comes into view.
Your skin stops crawling.
You feel less strong-willed.
The mana viper hisses angrily.
The deep elf pyromancer hits you with the +8 arc blade {discharge, rElec}!
* * * LOW HITPOINT WARNING * * *
The fire elemental hits you. The fire elemental burns you!
* * * LOW HITPOINT WARNING * * *
The fire elemental hits you. The fire elemental burns you!
* * * LOW HITPOINT WARNING * * *
The mana viper moves out of view.
You slash the deep elf pyromancer!
You kill the deep elf pyromancer!
Trog accepts your kill.
Trog appreciates your killing of a magic user.
The fire elemental disappears in a puff of smoke! x3
Things that are here:
the +8 arc blade {discharge, rElec}; an elf corpse The mana viper bites you but does no damage. x2
There is a stone staircase leading down here.
The mana viper barely misses you.
You climb downwards.
There is a stone staircase leading up here.
You hit the mana viper.
The mana viper is lightly wounded.
The mana viper bites you!
You die...

...............
.... ..... ....
...............
..... ... ...
............ ..
......#.#Y#....
........S.....#
#@# #......#
#.#.#.#..#
#....... .# #
#.# #.. ... ###
#.# ...


You could see a mana viper and a yak.

Vanquished Creatures
  A centaur warrior (D:9)
  A two-headed ogre (D:7)
  2 death yaks (D:8)
  A deep elf pyromancer (D:9)
  Sigmund (D:2)
  A basilisk (D:9)
  A wyvern (D:8)
  2 steam dragons
  A water moccasin (D:8)
  A black bear (D:4)
  2 ice beasts (D:7)
  2 ogres
  2 centaurs
  A phantom (D:6)
  4 bullfrogs
  A gnoll sergeant (D:9)
  2 scorpions (D:5)
  6 wights
  10 killer bees
  3 howler monkeys
  2 jellies (D:6)
  A hound (D:6)
  3 orc priests
  4 iguanas
  2 orc wizards
  Robin (D:2)
  4 gnolls
  17 adders
  A river rat (D:8)
  A shadow imp (D:5)
  2 white imps
  An ufetubus (D:5)
  A worm (D:2)
  A dart slug (D:2)
  22 orcs
  6 bats
  12 endoplasms
  12 giant cockroaches
  5 goblins
  14 hobgoblins
  A jackal (D:2)
  7 kobolds
  15 quokkas
  10 ball pythons
  4 frilled lizards
  11 rats
205 creatures vanquished.

Notes
Turn   | Place    | Note
-------+----------+-------------------------------------------
     0 | D:1      | nikku the Human Berserker began the quest for the Orb.
     0 | D:1      | Reached XP level 1. HP: 18/18 MP: 1/1
   110 | D:1      | Reached XP level 2. HP: 24/24 MP: 2/2
   323 | D:1      | You fall into a shaft and drop 1 floor!
   685 | D:1      | Reached XP level 3. HP: 29/29 MP: 3/3
   917 | D:1      | Found a faded altar of an unknown god.
  1339 | D:2      | Reached ** piety under Trog
  1351 | D:2      | Noticed Robin
  1366 | D:2      | Killed Robin
  1367 | D:2      | Reached XP level 4. HP: 35/35 MP: 4/4
  1883 | D:2      | Noticed Sigmund
  1885 | D:2      | Gained mutation: You are weak. (Str -2) [potion of
                  | mutation]
  1885 | D:2      | Gained mutation: You have very sharp teeth. [potion of
                  | mutation]
  1929 | D:2      | Killed Sigmund
  1930 | D:2      | Reached skill level 4 in Fighting
  1930 | D:2      | Reached XP level 5. HP: 28/42 MP: 5/5
  1930 | D:2      | Reached XP level 6. HP: 32/48 MP: 6/6
  2339 | D:3      | Found a sparkling altar of Nemelex Xobeh.
  2523 | D:3      | Found Zuduroz's Armour Boutique.
  2566 | D:3      | Reached skill level 1 in Polearms
  2572 | D:3      | Found Baviz's Assorted Antiques.
  2598 | D:3      | Bought a buckler for 90 gold pieces
  2615 | D:3      | Reached XP level 7. HP: 55/55 MP: 7/7
  3414 | D:4      | Reached skill level 5 in Fighting
  3824 | D:5      | Entered Level 5 of the Dungeon
  3836 | D:5      | Reached skill level 1 in Shields
  4354 | D:5      | Found a staircase to the Ecumenical Temple.
  4407 | D:5      | Reached XP level 8. HP: 37/64 MP: 8/8
  4782 | D:6      | Reached skill level 6 in Fighting
  4818 | D:6      | Identified the +6 quarterstaff "Kuit" {vorpal, rN+ Dex+3}
  4843 | D:6      | Reached skill level 5 in Axes
  5156 | D:6      | Found a shimmering blue altar of Sif Muna.
  5318 | D:6      | Found a glowing drain.
  5322 | Sewer    | Entered a sewer
  5402 | Sewer    | Reached *** piety under Trog
  5403 | Sewer    | Reached skill level 5 in Armour
  5888 | Sewer    | Reached XP level 9. HP: 49/71 MP: 9/9
  6149 | D:6      | Reached skill level 7 in Fighting
  6154 | D:6      | Found an opulent altar of Gozag.
  6154 | D:6      | Found a snail-covered altar of Cheibriados.
  6158 | D:6      | Found an iron altar of Okawaru.
  6159 | D:6      | Found a burning altar of Makhleb.
  6608 | D:7      | Noticed a two-headed ogre
  6615 | D:7      | Killed a two-headed ogre
  6616 | D:7      | Reached skill level 8 in Fighting
  6623 | D:7      | Reached **** piety under Trog
  6803 | D:7      | Found a basalt altar of Yredelemnul.
  6925 | D:7      | Found a white marble altar of Elyvilon.
  7054 | D:8      | Noticed a death yak
  7056 | D:8      | Noticed a death yak
  7058 | D:8      | Noticed a death yak
  7062 | D:8      | Killed a death yak
  7063 | D:8      | Reached skill level 5 in Shields
  7063 | D:8      | Reached XP level 10. HP: 82/82 MP: 10/10
  7088 | D:7      | HP: 2/82 [death yak (12)]
  7458 | D:8      | Reached skill level 9 in Fighting
  7618 | D:8      | Killed a death yak
  7802 | D:8      | Found a staircase to the Lair.
  8657 | D:9      | Noticed a centaur warrior
  8664 | D:9      | Reached skill level 10 in Fighting
  8667 | D:9      | Killed a centaur warrior
  8668 | D:9      | Reached XP level 11. HP: 71/91 MP: 11/11
  8671 | D:9      | Noticed a red ugly thing
  8689 | D:9      | Noticed a deep elf pyromancer
  8710 | D:9      | Noticed a mana viper
  8711 | D:9      | Killed a deep elf pyromancer
  8718 | D:10     | Entered Level 10 of the Dungeon
  8719 | D:10     | Slain by a mana viper (shapeshifter)

Illustrated notes

Levels and vault maps discovered:
D:1:      lightli_arrival_farm, layout_loops_ring,
          shapermc_ecumenical_altar_rom_forum, minmay_tetromino_t4
D:2:      kb_forest_paths, layout_basic, roderic_roman_lattice,
          corexii_hall_statues_l, uniq_sigmund, uniq_robin
D:3:      layout_basic, nemelex_dance_club_becter, serial_shops,
          nicolae_shop_hallway_plus, nicolae_shop_crystal, nicolae_eternal_life,
          kennysheep_generic_room_2
D:4:      layout_rooms, minmay_crystal_water, item_on_display_a
D:5:      layout_gridville, minmay_temple_entry_ruins, minmay_between
D:6:      layout_cave_pools, minitemple, gup_sewer_entry_spiral,
          nicolae_concentric_dashed_squares_wild, kennysheep_path_1
D:7:      layout_cave_pools, kennysheep_ying_yang, kennysheep_generic_room_12
D:8:      layout_loops_ring, dpeg_lair_monsters, st_stairs_9
D:9:      minmay_the_grid_octo_triangle [minmay_the_grid_octo_checkered,
          minmay_the_grid_octo_prize_ultimate_mussel_roller,
          minmay_the_grid_octo_shrine], layout_irregular_city
D:10:     layout_cross, erik_orc_1, st_stairs_13, nrook_loot_triangle

Skill      XL: |  1  2  3  4  5  6  7  8  9 10 |
---------------+-------------------------------+-----
Fighting       | 4 5 6 8 10 | 10.5
Axes           | 4 5 6 7 |  7.8
Armour         | 3 4 5 6 7 |  7.6
Dodging        | 3 |  3.6
Polearms       | 1 |  1.1
Shields        | 1 3 5 6 |  6.4

Action                   |  1- 3 |  4- 6 |  7- 9 | 10-12 || total
-------------------------+-------+-------+-------+-------++-------
Melee: Hand axe          |    91 |    61 |       |       ||   152
       Halberd           |       |    61 |    17 |       ||    78
       Bite              |       |     3 |    21 |    14 ||    38
       Broad axe         |       |       |   304 |   106 ||   410
Throw: Dart              |     8 |       |       |    13 ||    21
Invok: Trog's Hand       |     1 |     2 |     5 |     4 ||    12
       Berserk           |     1 |     2 |     2 |     3 ||     8
  Use: Potion            |       |     4 |     1 |     1 ||     6
       Scroll            |       |     6 |    14 |     4 ||    24
Armor: Animal skin       |     3 |       |       |       ||     3
       Ring mail         |    40 |    12 |       |       ||    52
       Plate armour      |       |    73 |   262 |   105 ||   440
Dodge: Dodged            |    76 |    52 |    90 |    41 ||   259
Block: Kite shield       |       |       |   140 |    76 ||   216
       Buckler           |       |       |     6 |       ||     6
